 Dungeon Crawl Stone Soup version 0.30-a0-1112-gfb780f5df6 (webtiles) character file.

Game seed: 6152130431205044411

835 voltaire321 the Magician (level 7, -7/46 HPs)
             Began as an Octopode Hedge Wizard on Apr 19, 2023.
             Mangled by Pikel
             ... wielding a +2 whip of electrocution
              (13 damage)
             ... on level 5 of the Dungeon.
             The game lasted 00:14:09 (3919 turns).

voltaire321 the Magician (Octopode Hedge Wizard)    Turns: 3919, Time: 00:14:10

Health: -7/46      AC:  5    Str:  9    XL:     7   Next: 99%
Magic:  13/13      EV: 14    Int: 19    God:
Gold:   204        SH:  0    Dex: 11    Spells: 9/14 levels left

rFire   . . .      SeeInvis .    s - +3 whip (pain)
rCold   . . .      Faith    .    (no shield)
rNeg    . . .      Spirit   .    b - +0 hat
rPois   .          Reflect  .    (no amulet)
rElec   .          Rampage  .    m - +4 ring of protection
rCorr   .                        (no ring)
Will    .....                    (no ring)
Stlth   +++                      (no ring)
HPRegen 0.27/turn                (no ring)
MPRegen 0.13/turn                (no ring)
                                 (no ring)
                                 (no ring)

@: no status effects
A: almost no armour, amphibious, 8 rings, camouflage 1, gelatinous body 1,
(nimble swimmer 1), tentacles
a: no special abilities


You were on level 5 of the Dungeon.
You visited 1 branch of the dungeon, and saw 5 of its levels.

You collected 204 gold pieces.

Inventory:

Hand Weapons
 s - a +3 whip of pain (weapon)
Missiles
 p - 4 silver javelins
Armour
 b - a +0 hat (worn)
Jewellery
 m - a +4 ring of protection (left tentacle)
Wands
 u - a wand of polymorph (7)
Scrolls
 d - a scroll of fog {unknown}
 i - 4 scrolls of identify {unknown}
 k - a scroll of fear {unknown}
 l - a scroll of poison {unknown}
 q - a scroll of teleportation {unknown}
 t - a scroll of magic mapping {unknown}
Potions
 a - a potion of haste
 c - 3 potions of magic
 e - 2 potions of curing {unknown}
 f - a potion of mutation {unknown}
 g - a potion of brilliance {unknown}
 h - 2 potions of invisibility {unknown}
 j - a potion of flight {unknown}
 n - a potion of heal wounds {unknown}
 o - 2 potions of attraction {unknown}
 r - a potion of might {unknown}


   Skills:
 + Level 3.3 Fighting
 + Level 3.9 Dodging
 - Level 2.6 Stealth
 + Level 4.4 Spellcasting
 + Level 3.3 Conjurations
 + Level 3.4 Summonings
 + Level 3.5 Translocations


You had 9 spell levels left.
You knew the following spells:

 Your Spells              Type           Power      Damage    Failure   Level
a - Magic Dart            Conj           68%        1d6       3%          1
b - Call Imp              Summ           34%        N/A       4%          2
c - Blink                 Tloc           34%        N/A       4%          2

Your spell library contained the following spells:

 Spells                   Type           Power      Damage    Failure   Level
 Slow                     Hex            16%        N/A       13%         1
 Cigotuvi's Dreadful Rot  Necr/Pois/Air  8%         N/A       21%         2
 Mephitic Cloud           Conj/Pois/Air  8%         N/A       26%         3
 Ignite Poison            Fire/Tmut/Pois 4%         N/A       36%         3
 Sticky Flame             Conj/Fire      10%        2d3       54%         4
 Ignition                 Fire           2%         3d3       100%        8


Dungeon Overview and Level Annotations

Branches:
Dungeon (5/15)
 Temple: D:4-7

Altars:
Cheibriados
Qazlal
Trog
Wu Jian
Xom
The Shining One

Shops:
D:3 :

Annotations:
D:4 3 runed translucent doors, Dummy991's ghost, amateur HOMo
D:5 2 transporters, Pikel


Innate Abilities, Weirdness & Mutations

You cannot wear most types of armour.
You are amphibious.
You can wear up to eight rings at the same time.
Your skin changes colour to match your surroundings (Stealth+).
Your rubbery body absorbs attacks. (AC +1, EV +1)
((You are camouflaged when in or above water. (Stealth+)))
You have tentacles for arms and can constrict up to eight enemies at once.


Message History

You now have 204 gold pieces (gained 16).
Found a scroll labelled PATWEH UDEONA, a pair of gloves and 15 gold pieces.
Found 20 gold pieces.
Found a bloodstained altar of Trog and a shimmering altar of Xom.
Found an ornate altar of the Wu Jian Council.
The kobold demonologist shouts!
Found 12 gold pieces.
The orc warrior shouts!
There is a transporter landing site here.
An adder comes into view.
The helpless adder fails to defend itself.
You hit the adder. You grab the adder. Your squeeze misses the adder.
The adder is moderately wounded.
You constrict the adder. The adder bites you but does no damage.
You hit the adder.
You kill the adder!
Found a stone staircase leading down.
Pikel and a lemure come into view.
Pikel is wielding a +2 whip of electrocution.
Found a wand of polymorph (8).
The lemure shouts!
You hear a shout! x4
You hit Pikel. You grab Pikel. You squeeze Pikel.
Pikel is lightly wounded.
You constrict Pikel, but do no damage.
Pikel hits you with a +2 whip of electrocution.
You hit Pikel. You squeeze Pikel, but do no damage.
Pikel is lightly wounded.
You constrict Pikel. Pikel barely misses you.
A lemure comes into view.
You hit Pikel but do no damage. You squeeze Pikel.
Pikel is moderately wounded.
You constrict Pikel.
Pikel hits you with a +2 whip of electrocution!
You are electrocuted!
A lemure comes into view.
The lemure hits you.
Pikel hits you with a +2 whip of electrocution!
* * * LOW HITPOINT WARNING * * *
You are electrocuted!
You die...

### #.##
##..# #K
#...#
##.##@..##
#/.5K5...##
#...5.....##
#..##......#
#..##.....##
##.......##
#.......###
##......##.#
#.......##.##


You could see Pikel and 3 lemures.

Vanquished Creatures
  Grinder (D:3)
  Duvessa (D:4)
  A centaur (D:5)
  Dowan (D:4)
  A crimson imp (D:3)
  2 hounds (D:4)
  An iguana (D:3)
  Terence (D:2)
  An orc wizard (D:4)
  Robin (D:4)
  3 gnolls (D:4)
  4 adders
  A white imp (D:4)
  3 dart slugs
  10 orcs
  5 ball pythons
  7 endoplasms
  6 giant cockroaches
  19 goblins
  4 hobgoblins
  4 quokkas
  6 bats
  3 frilled lizards
  A goblin skeleton (D:3)
  2 goblin zombies (D:3)
  6 hobgoblin zombies (D:3)
  8 kobolds
  A kobold skeleton (D:3)
  An orc skeleton (D:3)
  2 orc zombies (D:3)
  7 rats
114 creatures vanquished.

Vanquished Creatures (collateral kills)
  A sleepcap (D:4)
  A kobold (D:3)
2 creatures vanquished.

Vanquished Creatures (others)
  2 fungi (D:4)
  A plant (D:4)
3 creatures vanquished.

Grand Total: 119 creatures vanquished

Notes
Turn   | Place    | Note
-------+----------+-------------------------------------------
     0 | D:1      | voltaire321 the Octopode Hedge Wizard began the quest for
                  | the Orb.
     0 | D:1      | Reached XP level 1. HP: 11/11 MP: 4/4
   135 | D:1      | Reached XP level 2. HP: 15/18 MP: 6/6
   174 | D:1      | Found a faded altar of an unknown god.
   734 | D:1      | Reached XP level 3. HP: 22/22 MP: 7/7
   737 | D:1      | Learned a level 2 spell: Call Imp
   740 | D:1      | Learned a level 2 spell: Blink
   950 | D:2      | Reached skill level 1 in Fighting
  1237 | D:2      | Noticed Terence
  1249 | D:2      | Killed Terence
  1250 | D:2      | Reached XP level 4. HP: 23/28 MP: 8/8
  1685 | D:3      | Found a glowing golden altar of the Shining One.
  1715 | D:3      | Reached XP level 5. HP: 33/34 MP: 10/10
  1950 | D:3      | Noticed Grinder
  1991 | D:3      | Paralysed by Grinder for 4 turns
  1999 | D:3      | Paralysed by Grinder for 4 turns
  2016 | D:3      | Killed Grinder
  2017 | D:3      | Reached XP level 6. HP: 20/40 MP: 1/11
  2107 | D:3      | Found Umnonoq's Book Emporium.
  2140 | D:3      | Found a snail-covered altar of Cheibriados.
  2224 | D:3      | Found a stormy altar of Qazlal.
  2338 | D:4      | Noticed Robin
  2495 | D:4      | Killed Robin
  2726 | D:4      | Reached skill level 4 in Spellcasting
  2726 | D:4      | Reached XP level 7. HP: 45/45 MP: 10/13
  3610 | D:4      | Noticed Duvessa
  3617 | D:4      | Noticed Dowan
  3628 | D:4      | Killed Duvessa
  3636 | D:4      | Killed Dowan
  3687 | D:4      | Found a runed translucent gate.
  3687 | D:4      | Found a runed translucent gate.
  3687 | D:4      | Found a runed translucent gate.
  3687 | D:4      | Noticed Dummy991's ghost (amateur HOMo)
  3716 | D:5      | Entered Level 5 of the Dungeon
  3812 | D:5      | Found a transporter.
  3826 | D:5      | Found a transporter.
  3836 | D:5      | Noticed a kobold demonologist
  3838 | D:5      | Found a bloodstained altar of Trog.
  3838 | D:5      | Found a shimmering altar of Xom.
  3839 | D:5      | Found an ornate altar of the Wu Jian Council.
  3906 | D:5      | Noticed Pikel
  3919 | D:5      | Mangled by Pikel

Illustrated notes

Levels and vault maps discovered:
D:1:      nzn_arrival_depleted_hourglass, layout_rooms,
          hellmonk_ecumenical_altar_heavens_door
D:2:      layout_basic, minmay_tetromino_i4, uniq_terence
D:3:      layout_rooms, nicolae_qazlal_eye_of_the_storm,
          mainiacjoe_overflow_alcove_1, nicolae_tso_besieged_by_evil,
          serial_shops, nicolae_shop_behind_doors, kennysheep_doodads,
          uniq_grinder
D:4:      layout_loops_ring, gammafunk_ghost_nasty_kobolds, uniq_duvessa,
          uniq_robin
D:5:      layout_cave_pools, nicolae_sif_muna_condensation,
          gammafunk_temple_overflow_statue, gammafunk_temple_overflow_arena,
          serial_shops, nicolae_shop_tiny_waterfront, uniq_sigmund, uniq_pikel

Skill      XL: |  1  2  3  4  5  6  7 |
---------------+----------------------+-----
Fighting       | 1 2 3 |  3.3
Conjurations   | 2 3 |  3.3
Summonings     | 2 3 |  3.4
Translocations | 2 3 |  3.5
Dodging        | 3 |  3.9
Spellcasting   | 4 |  4.4
Stealth        | |  2.6

Action                     |  1- 3 |  4- 6 |  7- 9 || total
---------------------------+-------+-------+-------++-------
  Melee: Dagger            |    78 |    77 |    24 ||   179
         Tentacles         |    14 |    19 |    15 ||    48
         Constrict         |    14 |    25 |    10 ||    49
         Punch             |       |     5 |       ||     5
         Whip              |       |       |    36 ||    36
  Throw: Javelin           |       |     3 |       ||     3
   Cast: Magic Dart        |    20 |    41 |    37 ||    98
         Call Imp          |       |     6 |     5 ||    11
   Stab: Sleeping          |     7 |    11 |     2 ||    20
 Armour: Skin              |     4 |    11 |    16 ||    31
  Dodge: Dodged            |    43 |    33 |    38 ||   114

Table legend: (Time is in decaauts)
 A = Elapsed time spent in this place.
 B = Non-inter-level travel time spent in this place.
 C = Inter-level travel time spent in this place.
 D = Time resting spent in this place.
 E = Time spent auto-exploring this place.
 F = Levels seen in this place.
 G = Mean time per level.
                   A        B        C        D        E       F      G
               +--------+--------+--------+--------+--------+-----+--------+
         Total |   3923 |   3872 |     51 |    814 |   1872 |   5 |  784.6 |
       Dungeon |   3923 |   3872 |     51 |    814 |   1872 |   5 |  784.6 |
               +--------+--------+--------+--------+--------+-----+--------+

Top non-repeatable levels by time:
     D:4: 1292 daAuts
     D:3: 910 daAuts
     D:2: 762 daAuts
     D:1: 755 daAuts
     D:5: 203 daAuts
